 Dungeon Crawl Stone Soup version 0.30-a0-381-g6ea064c7b4 (webtiles) character file.

Game seed: 13166294041844469317

284 qeuew the Conjurer (level 6, -11/32 HPs)
             Began as a Deep Elf Conjurer on Dec 1, 2022.
             Mangled by Crazy Yiuf
             ... wielding a +2 quarterstaff of chaos
              (18 damage)
             ... on level 2 of the Dungeon.
             The game lasted 00:02:26 (2601 turns).

qeuew the Conjurer (Deep Elf Conjurer)              Turns: 2601, Time: 00:02:26

Health: -11/32     AC:  5    Str:  6    XL:     6   Next: 7%
Magic:  6/15       EV: 12    Int: 23    God:
Gold:   179        SH:  0    Dex: 13    Spells: 11/14 levels left

rFire   . . .      SeeInvis .    i - +2 dagger (venom)
rCold   . . .      Faith    .    (no shield)
rNeg    . . .      Spirit   .    g - +0 leather armour
rPois   .          Reflect  .    (no helmet)
rElec   .          Harm     .    (no cloak)
rCorr   .          Rampage  .    c - +1 pair of gloves
Will    .....                    (no boots)
Stlth   ++........               (no amulet)
HPRegen 0.25/turn                (no ring)
MPRegen 0.14/turn                (no ring)

@: no status effects
A: no striking features
a: no special abilities


You were on level 2 of the Dungeon.
You visited 1 branch of the dungeon, and saw 2 of its levels.

You collected 179 gold pieces.

Inventory:

Hand Weapons
 i - a +2 dagger of venom (weapon)
Armour
 c - a +1 pair of gloves (worn)
 g - a +0 leather armour (worn)
Wands
 d - a wand of flame (25)
 k - a wand of quicksilver (3)
Scrolls
 a - 2 scrolls of identify
 e - 3 scrolls of teleportation
 j - a scroll of poison {unknown}
 l - a scroll of torment {unknown}
Potions
 b - a potion of magic
 f - 3 potions of heal wounds
 h - a potion of brilliance


   Skills:
 + Level 1.3 Armour
 * Level 4.2 Dodging
 * Level 4.4 Stealth
 * Level 4.7 Spellcasting
 * Level 5.3 Conjurations


You had 11 spell levels left.
You knew the following spells:

 Your Spells              Type           Power      Damage    Failure   Level
a - Magic Dart            Conj           100%       1d8       1%          1
b - Searing Ray           Conj           60%        2d6       2%          2

Your spell library contained the following spells:

 Spells                   Type           Power      Damage    Failure   Level
 Summon Small Mammal      Summ           20%        N/A       16%         1
 Dazzling Flash           Conj/Hex       34%        N/A       16%         3
 Call Canine Familiar     Summ           5%         N/A       41%         3
 Summon Guardian Golem    Hex/Summ       5%         N/A       41%         3
 Fulminant Prism          Conj/Hex       8%         3d6       45%         4
 Iskenderun's Mystic Bla  Conj/Tloc      17%        2d5       45%         4


Dungeon Overview and Level Annotations

Branches:
Dungeon (2/15)

Altars:
The Shining One

Shops:
D:2 *[?*?

Annotations:
D:2 Crazy Yiuf


Message History

You see here a hobgoblin corpse.
Key pressed, stopping explore.
You can't see any susceptible monsters within range! (Use Z to cast anyway.)
There is an escape hatch in the ceiling here.
Things that are here:
a +1 dagger of draining; 5 stones
Things that are here:
a +0 scythe; a +0 robe Key pressed, stopping explore.
You can't see any susceptible monsters within range! (Use Z to cast anyway.) Crazy Yiuf shouts!
You can't see any susceptible monsters within range! (Use Z to cast anyway.) Could not explore, unopened runed door.
You can't see any susceptible monsters within range! (Use Z to cast anyway.)
You open the door. You hit Crazy Yiuf.
Crazy Yiuf is poisoned.
Crazy Yiuf is lightly wounded.
Crazy Yiuf hits you with a +2 quarterstaff of chaos.
Crazy Yiuf freezes you.
You closely miss Crazy Yiuf.
Crazy Yiuf is moderately wounded.
Crazy Yiuf hits you with a +2 quarterstaff of chaos!
You feel your power leaking away.
You hit Crazy Yiuf.
Crazy Yiuf is heavily wounded.
Crazy Yiuf closely misses you.
You hit Crazy Yiuf.
Crazy Yiuf looks even sicker.
Crazy Yiuf is heavily wounded.
Crazy Yiuf hits you with a +2 quarterstaff of chaos!
* * * LOW HITPOINT WARNING * * *
Crazy Yiuf draws strength from your wounds!
Aiming: Searing Ray (safe; 2% risk of failure)
Press: ? - help, Q - select action, (/) - cycle Shift-Dir - straight line, f - Crazy Yiuf
Aim: Crazy Yiuf, wielding a +2 quarterstaff of chaos and wearing a +0 cloak (heavily wounded, very poisoned, 82% to hit)
The searing ray hits Crazy Yiuf.
Crazy Yiuf is severely wounded. (Press . to maintain the ray.) Crazy Yiuf hits you with a +2 quarterstaff of chaos!!
Ouch! That really hurt!
You die...

##......#
#.# #.#
#.......#
### ###
#...#####
#..## #####
## #..#
###### #..)#
####### #.
#..# #....#
#...#
#.....# #.
#..####.####
... #####.#
#.
...........#
#g# #.# #.
#..####..∩.#
♣♣@♣
#.#####.
#..###.....#
♣.♣♣
#.##..<[
#........###
♣♣.♣
#.##.##.
#.####..#..#
♣.♣♣
#....... #.#
#..#.##
♣♣.♣♣
#####.......
#.# #..#.#
♣.P.♣♣
#....^....†.
#.# #..#.##
♣.P.P♣
######.....#
#.####.....#
#+..'#
######.....#
#.........##
#....#
#........###


You could see Crazy Yiuf (very poisoned).

Vanquished Creatures
  Sigmund (D:2)
  Natasha (thrice) (D:2)
  A dart slug (D:2)
  3 orcs (D:2)
  2 bats (D:1)
  4 endoplasms
  2 giant cockroaches (D:1)
  6 hobgoblins
  4 kobolds
  3 quokkas (D:1)
  5 ball pythons
  2 frilled lizards
  3 rats (D:1)
39 creatures vanquished.

Notes
Turn   | Place    | Note
-------+----------+-------------------------------------------
     0 | D:1      | qeuew the Deep Elf Conjurer began the quest for the Orb.
     0 | D:1      | Reached XP level 1. HP: 10/10 MP: 6/6
   310 | D:1      | Reached XP level 2. HP: 15/15 MP: 6/8
   353 | D:1      | Learned a level 2 spell: Searing Ray
  1248 | D:2      | Noticed Natasha
  1252 | D:2      | Killed Natasha
  1253 | D:2      | Reached XP level 3. HP: 13/19 MP: 3/10
  1311 | D:2      | Found a glowing golden altar of the Shining One.
  1332 | D:2      | Found Eramomopo's Antique Armour Shoppe.
  1393 | D:2      | Found a runed translucent door.
  1394 | D:2      | Noticed Crazy Yiuf
  1483 | D:2      | Found Edeivviorph's Magic Scroll Emporium.
  1589 | D:2      | Noticed Sigmund
  1601 | D:2      | Killed Sigmund
  1602 | D:2      | Reached skill level 1 in Armour
  1602 | D:2      | Reached skill level 5 in Conjurations
  1602 | D:2      | Reached XP level 4. HP: 10/24 MP: 5/12
  1602 | D:2      | Reached XP level 5. HP: 12/28 MP: 5/13
  1728 | D:2      | Found Vehiro's General Store.
  1994 | D:2      | Found Jeco's General Store.
  2054 | D:2      | Noticed Natasha
  2065 | D:2      | Killed Natasha
  2157 | D:2      | Found Areynaq's Magic Scroll Shop.
  2206 | D:2      | Noticed Natasha
  2213 | D:2      | Killed Natasha
  2214 | D:2      | Reached XP level 6. HP: 32/32 MP: 8/15
  2601 | D:2      | Mangled by Crazy Yiuf

Illustrated notes

Levels and vault maps discovered:
D:1:      dpeg_arrival_erosion, layout_basic, st_stairs_6
D:2:      layout_loops_ring, serial_shops, shop, nicolae_shop_waterfront,
          shop_coins, shop, nicolae_shop_advertising_works
          [nicolae_subvault_shop_adworks], basic_altar, uniq_sigmund,
          uniq_crazy_yiuf_cottage, uniq_natasha

Skill      XL: |  1  2  3  4  5 |
---------------+----------------+-----
Stealth        | 3 4 |  4.4
Dodging        | 3 4 |  4.2
Armour         | 1 |  1.3
Spellcasting   | 4 |  4.7
Conjurations   | 5 |  5.3

Action                   |  1- 3 |  4- 6 || total
-------------------------+-------+-------++-------
Melee: Dagger            |     3 |     8 ||    11
 Cast: Magic Dart        |    57 |    20 ||    77
       Searing Ray       |     1 |     4 ||     5
  Use: Scroll            |     3 |       ||     3
       Potion            |     2 |       ||     2
Armor: Leather armour    |     3 |     1 ||     4
Dodge: Dodged            |     7 |     5 ||    12

Table legend: (Time is in decaauts)
 A = Elapsed time spent in this place.
 B = Non-inter-level travel time spent in this place.
 C = Inter-level travel time spent in this place.
 D = Time resting spent in this place.
 E = Time spent auto-exploring this place.
 F = Levels seen in this place.
 G = Mean time per level.
                   A        B        C        D        E       F      G
               +--------+--------+--------+--------+--------+-----+--------+
         Total |   2600 |   2547 |     53 |      0 |   2329 |   2 | 1300.0 |
       Dungeon |   2600 |   2547 |     53 |      0 |   2329 |   2 | 1300.0 |
               +--------+--------+--------+--------+--------+-----+--------+

Top non-repeatable levels by time:
     D:2: 1364 daAuts
     D:1: 1235 daAuts
